 Dungeon Crawl Stone Soup version 0.14-a0-848-g57a047c (webtiles) character file.

126 PolkaDot the Ruinous (level 4, -2/30 HPs)
             Began as a Vampire Conjurer on Nov 14, 2013.
             Slain by a gnoll
             ... wielding a +0,+0 spear
              (4 damage)
             ... on Level 2 of the Dungeon.
             The game lasted 00:09:54 (1915 turns).

PolkaDot the Ruinous (Vampire Conjurer)             Turns: 1915, Time: 00:09:54

HP  -2/30        AC  3     Str  7      XL: 4   Next: 18%
MP   5/8         EV 12     Int 18      God:
Gold 46          SH  0     Dex 14      Spells:  2 memorised,  2 levels left

Res.Fire  : . . .   See Invis. : +   n - +0 sabre
Res.Cold  : + . .   Warding    : .   j - +1 robe {rC+}
Life Prot.: + . .   Conserve   : .   (no shield)
Res.Poison: .       Res.Corr.  : .   (no helmet)
Res.Elec. : .       Clarity    : .   (no cloak)
Sust.Abil.: . .     Spirit.Shd : .   (no gloves)
Res.Mut.  : .       Stasis     : .   (no boots)
Res.Rott. : .       Flight     : .   (no amulet)
Saprovore : . . .                    (no ring)
                                     (no ring)

@: slightly resistant to hostile enchantments, stealthy
A: fangs 3, see invisible, unbreathing
a: Bat Form


You were on level 2 of the Dungeon.
You were not thirsty.

You visited 1 branch of the dungeon, and saw 2 of its levels.

You collected 46 gold pieces.

Inventory:

Hand weapons
 n - a +0,+0 sabre (weapon)
Armour
 a - a +0 robe
 j - a +1 robe of cold resistance (worn)
Scrolls
 d - 2 scrolls of remove curse {unknown}
 e - a scroll of curse armour {unknown}
 g - a scroll of recharging {unknown}
 h - a scroll of enchant weapon II {unknown}
 k - 2 scrolls of identify {unknown}
 l - a scroll of teleportation {unknown}
Potions
 b - a potion of blood
 f - 3 potions of curing {unknown}
 i - 2 potions of speed {unknown}
 m - a potion of heal wounds {unknown}
Books
 c - a book of Conjurations

   Spells                             Type                      Level
   *Magic Dart                        Conjuration                  1
   *Searing Ray                       Conjuration                  2
   Dazzling Spray                     Conjuration/Hexes            3
   Iskenderun's Mystic Blast          Conjuration                  4
   Iskenderun's Battlesphere          Conjuration/Charms           4
   Fulminant Prism                    Conjuration/Hexes            5


   Skills:
 - Level 2.1 Dodging
 - Level 3.0 Stealth
 - Level 1.0 Spellcasting
 * Level 4.3 Conjurations


You had 2 spell levels left.
You knew the following spells:

 Your Spells              Type           Power        Failure   Level  Hunger
a - Magic Dart            Conj           ###.         3%          1    ##.....
s - Searing Ray           Conj           ###...       6%          2    ###....


Dungeon Overview and Level Annotations

Branches:
Dungeon (2/16)

Altars:


Innate Abilities, Weirdness & Mutations

You have razor-sharp teeth.*
You have supernaturally acute eyesight.
You can survive without breathing.*


Message History

You are electrocuted!
Ouch! That really hurt!
* * * LOW HITPOINT WARNING * * *
Drink which item? (? for menu, Esc to quit)
Okay, then.
A rat comes into view.
You hit the rat. You bite the rat.
The rat is severely wounded.
The rat barely misses you.
Casting: Searing Ray
Confirm with . or Enter, or press ? or * to list all spells.
Aiming: Searing Ray
Press: ? - help, Shift-Dir - straight line, f - rat
Aim: a rat (heavily wounded)
The searing ray hits the rat.
The rat is severely wounded.
The gnoll hits you with a whip of electrocution.
* * * LOW HITPOINT WARNING * * *
The gnoll hits you from afar with a spear.
You die...

#....... #.###### #.# #)#
##.###### #####........
######.......#####
#.ggg......#..#
#@####.##.###)#
########r####.##..#..#
#.............###...#####
#.#####..####...........#
#.# #..# #.###..####.#
#.# #..# #.#....# #.# #.#
###..####......# #.# #.#
#.<........#...# #.# #.#
#.##.#####....## #.#


You could see 3 gnolls and a rat.

Vanquished Creatures
  A gnoll (D:2)
  2 adders (D:2)
  A worm (D:2)
  2 giant geckos (D:1)
  An ooze (D:2)
  4 giant cockroaches
  4 goblins (D:1)
  6 hobgoblins
  2 jackals (D:1)
  7 kobolds
  5 bats
  3 giant newts
  3 rats
41 creatures vanquished.

Notes
Turn   | Place    | Note
--------------------------------------------------------------
     0 | D:1      | PolkaDot, the Vampire Conjurer, began the quest for the Orb.
     0 | D:1      | Reached XP level 1. HP: 13/13 MP: 4/4
   249 | D:1      | Reached XP level 2. HP: 4/19 MP: 1/5
   599 | D:1      | Learned a level 2 spell: Searing Ray
  1004 | D:1      | Reached XP level 3. HP: 21/24 MP: 1/6
  1209 | D:2      | Reached skill level 4 in Conjurations
  1678 | D:2      | Reached XP level 4. HP: 30/30 MP: 5/8
  1915 | D:2      | Slain by a gnoll

Action                   |  1- 3 |  4- 6 || total
-------------------------+-------+-------++-------
Melee: Unarmed           |    57 |     1 ||    58
       Sabre             |       |     2 ||     2
 Cast: Magic Dart        |    72 |     3 ||    75
       Searing Ray       |     2 |     5 ||     7
